 Dungeon Crawl Stone Soup version 0.31-a0-1625-g1a3bd5d (webtiles) character file.

Game seed: 18068035820741730273

29 PidgeyThePirate the Trooper (level 3, -1/29 HPs)
             Began as a Demonspawn Monk on Jan 11, 2024.
             Slain by an adder (2 damage)
             ... on level 2 of the Dungeon.
             The game lasted 00:02:01 (833 turns).

PidgeyThePirate the Trooper (Demonspawn Monk)        Turns: 833, Time: 00:02:02

Health: -1/29      AC:  3    Str: 13    XL:     3   Next: 1%
Magic:  3/3        EV: 12    Int: 10    God:
Gold:   106        SH:  0    Dex: 15    Spells: 2/2 levels left

rFire   . . .        a - +0 short sword
rCold   . . .        d - orb {light}
rNeg    . . .        g - +0 leather armour
rPois   .            (no helmet)
rElec   .            (no cloak)
rCorr   .            (no gloves)
SInv    .            (no boots)
Will    .....        (no amulet)
Stlth   +            e - ring of wizardry
HPRegen 0.24/turn    (no ring)
MPRegen 0.08/turn

%: wizardry (x1)
@: glowing
A: foul stench 1, powered by death 1
a: no special abilities


You were on level 2 of the Dungeon.
You visited 1 branch of the dungeon, and saw 2 of its levels.

You collected 106 gold pieces.

Inventory:

Hand Weapons
 a - a +0 short sword (weapon)
Armour
 b - a +0 robe
 d - an orb of light (worn)
 g - a +0 leather armour (worn)
 k - a +2 robe of fire resistance
Jewellery
 e - a ring of wizardry (left hand)
Scrolls
 f - a scroll of revelation {unknown}
 h - a scroll of silence {unknown}
 j - a scroll of vulnerability {unknown}
Potions
 c - 2 potions of ambrosia


   Skills:
 + Level 3.3 Fighting
 + Level 3.0 Short Blades
 + Level 0.8 Armour
 + Level 3.0 Dodging


You had 2 spell levels left.
You didn't know any spells.
Your spell library was empty.

Dungeon Overview and Level Annotations

Branches:
Dungeon (2/15)

Altars:


Innate Abilities, Weirdness & Mutations

You may rarely emit foul miasma when damaged in melee.
You regenerate a little health from kills.


Message History

You hit the kobold.
You kill the kobold!
The adder barely misses you.
You have reached level 3!
Your experience leads to an increase in your attributes!
Increase (S)trength, (I)ntelligence, or (D)exterity?
You feel stronger. x2; Your demonic ancestry asserts itself...
A wave of death washes over you.
You hit the adder.
The adder is heavily wounded.
The goblin barely misses you. The adder barely misses you.
You closely miss the adder.
The adder is heavily wounded.
The goblin hits you with a +0 club. The adder bites you.
You completely miss the adder.
The adder is heavily wounded.
The adder bites you. The goblin hits you with a +0 club.
You hit the adder.
The adder is heavily wounded.
The adder bites you but does no damage.
You hit the adder but do no damage.
The adder is heavily wounded.
The goblin barely misses you. The adder bites you.
* * * LOW HITPOINT WARNING * * *
You hit the adder but do no damage.
The adder is heavily wounded.
The goblin hits you with a +0 club.
* * * LOW HITPOINT WARNING * * *
The adder barely misses you.
You closely miss the adder.
The adder is heavily wounded.
The goblin hits you with a +0 club.
* * * LOW HITPOINT WARNING * * *
The adder bites you.
* * * LOW HITPOINT WARNING * * *
You emit a cloud of foul miasma!
It was a potion of magic.
Magic courses through your body.
The adder is engulfed in dark miasma.
The adder is poisoned.
The adder bites you.
You die...

### #.## #..# #<.## ##
#...# ... #.#.## ....
####.#..## .....
......#..#########......
####............@gB.....
#.######....S##......
#.# #####......... #.#
####...... ####.# .
..... .....####.... ####
###..........
##.####.... #.# .


You could see an adder (poisoned), a giant cockroach and a goblin.

Vanquished Creatures
  A dart slug (D:1)
  A ball python (D:1)
  3 bats (D:1)
  An endoplasm (D:2)
  4 giant cockroaches (D:1)
  A hobgoblin (D:2)
  3 jackals (D:1)
  3 kobolds
  A quokka (D:1)
  5 frilled lizards (D:1)
  A rat (D:2)
24 creatures vanquished.

Notes
Turn   | Place    | Note
-------+----------+-------------------------------------------
     0 | D:1      | PidgeyThePirate the Demonspawn Monk began the quest for the
                  | Orb.
     0 | D:1      | Reached XP level 1. HP: 18/18 MP: 1/1
   141 | D:1      | Gained mutation: You may rarely emit foul miasma when
                  | damaged in melee. [demonic ancestry]
   141 | D:1      | Reached XP level 2. HP: 18/24 MP: 2/2
   826 | D:2      | Gained mutation: You regenerate a little health from kills.
                  | [demonic ancestry]
   826 | D:2      | Reached XP level 3. HP: 19/29 MP: 3/3
   832 | D:2      | HP: 1/29 [adder (3)]
   833 | D:2      | Slain by an adder

Illustrated notes

Levels and vault maps discovered:
D:1:      psy_arrival_spokes, layout_rooms, serial_aquarium,
          aquarium_bridge_square [aquarium_subvault_wall,
          aquarium_subvault_bridge, aquarium_subvault_bridge,
          aquarium_subvault_bridge], aquarium_bridge_long_joined
          [aquarium_subvault_wall, aquarium_subvault_wall,
          aquarium_subvault_balcony, aquarium_subvault_wall,
          aquarium_subvault_bridge, aquarium_subvault_wall], aquarium_window_1,
          aquarium_window_1, aquarium_view_2a, st_stairs_4
D:2:      minmay_wonky_spiral, layout_rooms

Skill      XL: |  1  2 |
---------------+-------+-----
Short Blades   | 3 |  3.0
Dodging        | 3 |  3.0
Fighting       | |  3.3
Armour         | |  0.8

Action                     || total
---------------------------++-------
  Melee: Short sword       ||   113
    Use: Potion            ||     1
 Armour: Robe              ||    23
         Leather armour    ||    60
  Dodge: Dodged            ||    98

Table legend: (Time is in decaauts)
 A = Elapsed time spent in this place.
 B = Non-inter-level travel time spent in this place.
 C = Inter-level travel time spent in this place.
 D = Time resting spent in this place.
 E = Time spent auto-exploring this place.
 F = Levels seen in this place.
 G = Mean time per level.
                   A        B        C        D        E       F      G
               +--------+--------+--------+--------+--------+-----+--------+
         Total |    816 |    809 |      7 |      0 |    545 |   2 |  408.0 |
       Dungeon |    816 |    809 |      7 |      0 |    545 |   2 |  408.0 |
               +--------+--------+--------+--------+--------+-----+--------+

Top non-repeatable levels by time:
     D:1: 677 daAuts
     D:2: 139 daAuts
